 Dungeon Crawl Stone Soup version 0.29.1-12-g30fa7ad0bf (webtiles) character file.

Game seed: 10202441316324373167

2174 Lutefisk the Covert (level 9, 0/69 HPs)
             Began as a Vampire Brigand on Jan 8, 2023.
             Was a Follower of Wu Jian.
             Killed from afar by a steam dragon (15 damage)
             ... with a ball of steam
             ... on level 8 of the Dungeon.
             The game lasted 00:28:15 (3417 turns).

Lutefisk the Covert (Vampire Brigand)               Turns: 3417, Time: 00:28:15

Health: 0/69       AC:  7    Str: 10    XL:     9   Next: 11%
Magic:  10/10      EV: 14    Int: 14    God:    Wu Jian [*.....]
Gold:   200        SH:  0    Dex: 25    Spells: 7/10 levels left

rFire   . . .      SeeInvis +   D - +1 long sword
rCold   . . .      Faith    .   (no shield)
rNeg    + . .      Spirit   .   b - +1 leather armour of Refuge {Slay+3 Stlth+}
rPois   .          Reflect  .   u - +0 helmet
rElec   .          Harm     .   l - +1 cloak
rCorr   .          Rampage  .   (no gloves)
Will    .....                   (no boots)
Stlth   ++++++....              (no amulet)
HPRegen 0.41/turn               v - +6 ring of dexterity
MPRegen 0.12/turn               p - ring of positive energy

@: attractive, healing quickly
A: alive, fangs 3, see invisible, vampiric 2
a: Exsanguinate, Renounce Religion


You were on level 8 of the Dungeon.
You worshipped Wu Jian.
Wu Jian was aware of your devotion.
You visited 1 branch of the dungeon, and saw 8 of its levels.

You collected 290 gold pieces.
You spent 90 gold pieces at shops.

Inventory:

Hand Weapons
 m - a +0 dagger of draining
 D - a +1 long sword (weapon)
Missiles
 d - 22 poisoned darts (quivered)
 e - a curare-tipped dart
 A - 3 datura-tipped darts
Armour
 b - the +1 leather armour of Refuge (worn) {Slay+3 Stlth+}
   (You found it on level 5 of the Dungeon)

   Slay:      It affects your accuracy & damage with ranged weapons and melee
   (+3).
   Stlth:     It makes you more stealthy.
 k - a +0 tower shield
 l - a +1 cloak (worn)
 u - a +0 helmet (worn)
Jewellery
 p - a ring of positive energy (right hand)
 v - a +6 ring of dexterity (left hand)
 C - a +6 ring of intelligence
Wands
 w - a wand of iceblast (11)
 x - a wand of digging (8)
 B - a wand of polymorph (11)
Scrolls
 a - a scroll of summoning {unknown}
 i - a scroll of immolation
 n - a scroll of enchant weapon {unknown}
 q - 3 scrolls of magic mapping
 t - 4 scrolls of butterflies
 y - a scroll of amnesia {unknown}
 z - a scroll of vulnerability {unknown}
Potions
 c - a potion of experience {unknown}
 f - a potion of resistance
 j - 2 potions of ambrosia
 o - a potion of mutation {unknown}
 r - a potion of attraction
 s - a potion of brilliance {unknown}


   Skills:
 - Level 6.0 Fighting
 - Level 2.1(3.4) Short Blades
 - Level 3.7(4.0) Long Blades
 - Level 2.0 Throwing
 * Level 1.5 Armour
 - Level 4.0 Dodging
 - Level 11.0 Stealth
 - Level 1.0 Spellcasting
 - Level 1.0 Conjurations
 - Level 4.0 Hexes
 * Level 3.8 Evocations


You had 7 spell levels left.
You knew the following spells:

 Your Spells              Type           Power      Damage    Failure   Level
a - Dazzling Flash        Conj/Hex       14%        N/A       36%         3

Your spell library contained the following spells:

 Spells                   Type           Power      Damage    Failure   Level
 Sting                    Tmut/Pois      0%         1d3       34%         1
 Poisonous Vapours        Pois/Air       0%         N/A       45%         2
 Iskenderun's Mystic Bla  Conj/Tloc      2%         2d3       95%         4
 Olgreb's Toxic Radiance  Pois           0%         N/A       98%         4
 Starburst                Conj/Fire      1%         6d3       100%        6


Dungeon Overview and Level Annotations

Branches:
Dungeon (8/15)             Temple (0/1) D:6
   Lair: D:8-11

Altars:
Ashenzari
Dithmenos
Hepliaklqana
Trog
Uskayaw
Wu Jian

Shops:
D:2 ?   D:7 (

Annotations:
D:6 1 runed translucent door, LustLizard's ghost, novice SpHu


Innate Abilities, Weirdness & Mutations

Your natural rate of healing is accelerated.
You have razor-sharp teeth.
You have supernaturally acute eyesight. (SInv)
You are afflicted with vampirism and can become a bat while bloodless.


Message History

The orc wizard moves out of view.
You spin and attack the steam dragon.
The helpless steam dragon fails to defend itself.
You slash the steam dragon!
The steam dragon is moderately wounded.
The steam dragon breathes steam at you. The ball of steam hits you!
* * * LOW HITPOINT WARNING * * *
You hear a shout!
The white imp shouts, "Take thy face hence, thou twisted whey-faced giglet!"
The orc shouts!
Something shouts, "Return whence thou came, thou erky moldwarp gnoll-tail!"
The ufetubus shouts!
You hear a shout! x4; You hear a roar!
You hear a shout!
The electric eel shoots out a bolt of lightning at you!
The bolt of electricity hits the white imp!
The bolt of electricity hits you!
* * * LOW HITPOINT WARNING * * *
2 orcs come into view.
Found a leather armour.
Okay, then.
Okay, then.
It was a potion of attraction.
You feel attractive to monsters. The orc wizard casts a spell at you.
You are confused.
The steam dragon bites you.
* * * LOW HITPOINT WARNING * * *
The steam dragon claws you but does no damage.
The ice beast is attracted toward you. The orc wizard is attracted toward you.
The ufetubus is attracted toward you. The orc is attracted toward you. x2
Unknown command.
Okay, then.
You are too confused!
You feel better.
The orc shouts!
An ufetubus comes into view.
The steam dragon breathes steam at you. The ball of steam hits you!
You die...

.........
........
#....§.#
##......## ##
#........# ##..
#...o....##
....##...o......
.....#5Y@o..§...
.....§.D##....[.
~≈.....#§# §#...
≈~~......# # .
~~≈.§..#....#
~.$...##....o..
~5~S.. ##......
...≈~. ..o.5.
...~~. ......


You could see a steam dragon (catching breath), an ice beast, an electric eel,
an orc wizard, 2 orcs and 2 ufetubi.

Vanquished Creatures
  2 steam dragons
  3 black bears
  An ogre (D:5)
  3 necrophages
  2 bullfrogs
  4 scorpions
  2 wights
  4 killer bees (D:7)
  2 howler monkeys (D:7)
  3 jellies
  2 hounds
  A gnoll bouda (D:4)
  3 orc wizards
  5 iguanas
  11 gnolls
  6 adders
  2 shadow imps (D:5)
  3 white imps
  2 worms
  A dart slug (D:3)
  16 orcs
  6 ball pythons
  6 bats
  2 endoplasms
  2 giant cockroaches
  4 hobgoblins
  10 kobolds
  2 quokkas
  A frilled lizard (D:1)
  7 goblins
  7 rats
  A toadstool (D:1)
126 creatures vanquished.

Vanquished Creatures (others)
  15 fungi (D:8)
  26 plants (D:8)
  3 toadstools (D:1)
44 creatures vanquished.

Grand Total: 170 creatures vanquished

Notes
Turn   | Place    | Note
-------+----------+-------------------------------------------
     0 | D:1      | Lutefisk the Vampire Brigand began the quest for the Orb.
     0 | D:1      | Reached XP level 1. HP: 16/16 MP: 1/1
    79 | D:1      | Reached skill level 6 in Stealth
   112 | D:1      | Found a faded altar of an unknown god.
   138 | D:2      | Reached XP level 2. HP: 22/23 MP: 2/2
   163 | D:2      | Found Suyfru's Magic Scroll Shop.
   169 | D:2      | Bought a scroll of teleportation for 30 gold pieces
   451 | D:2      | Gained mutation: You are afflicted with vampirism and can
                  | become a bat while bloodless. [Vampire growth]
   451 | D:2      | Reached XP level 3. HP: 10/29 MP: 3/3
   467 | D:2      | Bought a scroll of fear for 40 gold pieces
   467 | D:2      | Bought a scroll of identify for 20 gold pieces
   491 | D:2      | Found a broken altar of Ashenzari.
   784 | D:3      | Reached XP level 4. HP: 25/35 MP: 4/4
  1135 | D:4      | Noticed a scorpion
  1146 | D:4      | Killed a scorpion
  1147 | D:4      | Reached skill level 7 in Stealth
  1147 | D:4      | Reached XP level 5. HP: 39/42 MP: 5/5
  1207 | D:4      | Reached skill level 1 in Long Blades
  1207 | D:4      | Found a shadowy altar of Dithmenos.
  1479 | D:3      | Reached skill level 8 in Stealth
  1541 | D:4      | Found a hazy altar of Hepliaklqana.
  1663 | D:4      | Reached XP level 6. HP: 44/48 MP: 6/6
  1666 | D:5      | Entered Level 5 of the Dungeon
  1692 | D:5      | Identified the +1 leather armour of Refuge {Slay+3 Stlth+}
  1808 | D:5      | Reached skill level 1 in Armour
  1871 | D:5      | Found an ornate altar of the Wu Jian Council.
  1882 | D:5      | Became a worshipper of the Wu Jian Council
  1986 | D:5      | Found a bloodstained altar of Trog.
  2007 | D:5      | Reached skill level 9 in Stealth
  2099 | D:5      | Reached XP level 7. HP: 55/55 MP: 7/7
  2114 | D:5      | Reached skill level 1 in Evocations
  2206 | D:5      | Reached skill level 5 in Fighting
  2206 | D:5      | Reached skill level 10 in Stealth
  2276 | D:5      | Learned a level 3 spell: Dazzling Flash
  2327 | D:5      | Found a hide-covered altar of Uskayaw.
  2425 | D:6      | Reached skill level 1 in Hexes
  2434 | D:6      | Reached skill level 1 in Spellcasting
  2474 | D:6      | Reached XP level 8. HP: 58/62 MP: 9/9
  2490 | D:6      | Reached skill level 1 in Conjurations
  2680 | D:6      | Found a runed translucent door.
  2680 | D:6      | Noticed LustLizard's ghost (novice SpHu)
  2788 | D:7      | Reached * piety under Wu Jian
  2851 | D:7      | Found Fainoh's Weapon Shoppe.
  3129 | D:6      | Found a staircase to the Ecumenical Temple.
  3142 | D:6      | Reached skill level 11 in Stealth
  3324 | D:7      | Reached XP level 9. HP: 61/69 MP: 10/10
  3409 | D:8      | Noticed a polar bear
  3417 | D:8      | Killed from afar by a steam dragon

Illustrated notes

Levels and vault maps discovered:
D:1:      ldierk_water_garden, layout_basic, chequers_ecumenical_altar_simple
D:2:      layout_rooms, basic_altar, serial_shops, shop_statue
D:3:      layout_basic, hex_intersection, uniq_robin
D:4:      layout_loops_ring, mainiacjoe_overflow_two_lobes,
          mainiacjoe_overflow_boulevard
D:5:      minmay_chambers_of_threes, layout_loops_ring,
          nicolae_overflow_crystal_walls, mainiacjoe_overflow_small_starburst,
          trog_antimagical, kennysheep_windowed_goal
D:6:      layout_gridville, minmay_temple_entry_enclosed_plants,
          gammafunk_ghost_grave
D:7:      layout_loops_ring, gammafunk_temple_of_torment, serial_shops,
          nicolae_take_the_stairs, minmay_fractal_squares_5
D:8:      layout_cave_pools, due_lair_maze_entry_diamond, serial_ice,
          serial_ice_m, serial_ice_g, serial_ice_c, serial_ice_i,
          kennysheep_pointless_box, nicolae_shop_sticking_my_neck_out

Skill      XL: |  1  2  3  4  5  6  7  8 |
---------------+-------------------------+-----
Fighting       | 2 3 4 5 6 |  6.0
Stealth        | 6 7 8 9 10 11 | 11.0
Throwing       | 2 |  2.0
Dodging        | 2 4 |  4.0
Long Blades    | 1 3 |  3.7
Armour         | 1 |  1.5
Evocations     | 2 3 |  3.8
Hexes          | 2 4 |  4.0
Spellcasting   | 1 |  1.0
Conjurations   | 1 |  1.0
Short Blades   | |  2.1

Action                   |  1- 3 |  4- 6 |  7- 9 || total
-------------------------+-------+-------+-------++-------
Melee: Dagger            |   104 |   136 |   122 ||   362
       Bite              |     5 |    20 |    25 ||    50
       Punch             |       |     1 |     3 ||     4
       Long sword        |       |       |    54 ||    54
Throw: Dart              |     6 |    39 |    21 ||    66
Invok: Lunge             |       |     1 |    16 ||    17
       Whirlwind         |       |       |     7 ||     7
  Use: Scroll            |     2 |     3 |     5 ||    10
       Potion            |       |       |     4 ||     4
 Stab: Distracted        |     2 |       |       ||     2
       Sleeping          |     5 |     6 |    14 ||    25
Armor: Robe              |    12 |     7 |       ||    19
       Leather armour    |       |    30 |    46 ||    76
Dodge: Dodged            |    47 |    76 |   100 ||   223
